 Dungeon Crawl Stone Soup version 0.31-a0-4-gefa6de2278 (webtiles) character file.

Game seed: 16926613557202471038

122 BlueFish the Trooper (level 5, -13/36 HPs)
             Began as an Octopode Fighter on May 4, 2023.
             Killed by divine providence
             ... invoked by an orc priest
              (15 damage)
             ... on level 3 of the Dungeon.
             The game lasted 00:02:23 (1834 turns).

BlueFish the Trooper (Octopode Fighter)             Turns: 1834, Time: 00:02:23

Health: -13/36     AC:  1    Str: 18    XL:     5   Next: 6%
Magic:  5/5        EV: 13    Int: 10    God:
Gold:   152        SH:  4    Dex: 11    Spells: 4/4 levels left

rFire   . . .        a - +0 rapier
rCold   . . .        b - +0 buckler
rNeg    . . .        (helmet restricted)
rPois   .            (no amulet)
rElec   .            (no ring)
rCorr   .            (no ring)
SInv    .            (no ring)
Will    .....        (no ring)
Stlth   +++          (no ring)
HPRegen 0.26/turn    (no ring)
MPRegen 0.09/turn    (no ring)
                     (no ring)

%: no passive effects
@: mighty
A: almost no armour, amphibious, 8 rings, camouflage 1, gelatinous body 1,
(nimble swimmer 1), tentacles
a: no special abilities


You were on level 3 of the Dungeon.
You visited 1 branch of the dungeon, and saw 3 of its levels.

You collected 152 gold pieces.

Inventory:

Hand Weapons
 a - a +0 rapier (weapon)
Missiles
 h - 6 poisoned darts
 j - 22 stones (quivered)
Armour
 b - a +0 buckler (worn)
Scrolls
 d - 2 scrolls of blinking {unknown}
 f - 2 scrolls of identify
 g - a scroll of noise {unknown}
 l - a scroll of teleportation {unknown}
 m - a scroll of vulnerability {unknown}
Potions
 e - a potion of brilliance {unknown}
 i - a potion of cancellation {unknown}
 k - 3 potions of resistance


   Skills:
 + Level 3.5 Fighting
 + Level 2.7 Short Blades
 + Level 0.3 Throwing
 + Level 3.4 Dodging
 * Level 3.5 Stealth
 + Level 3.4 Shields


You had 4 spell levels left.
You didn't know any spells.
Your spell library contained the following spells:

 Spells                   Type           Power      Damage    Failure   Level
 Cigotuvi's Dreadful Rot  Necr/Pois/Air  0%         N/A       58%         2
 Ignite Poison            Fire/Tmut/Pois 0%         N/A       82%         3
 Sticky Flame             Conj/Fire      0%         2d3       99%         4
 Summon Lightning Spire   Summ/Air       0%         N/A       99%         4
 Freezing Cloud           Conj/Ice/Air   0%         6-21      100%        5
 Storm Form               Tmut/Air       0%         N/A       100%        7
 Ignition                 Fire           0%         3d3       100%        8
 Maxwell's Capacitive Co  Air            0%         ∞         100%        8


Dungeon Overview and Level Annotations

Branches:
Dungeon (3/15)

Altars:


Innate Abilities, Weirdness & Mutations

You cannot wear most types of armour.
You are amphibious.
You can wear up to eight rings at the same time.
Your skin changes colour to match your surroundings (Stealth+).
Your rubbery body absorbs attacks. (AC +1, EV +1)
((You are camouflaged when in or above water. (Stealth+)))
You have tentacles for arms and can constrict up to eight enemies at once.


Message History

You hit the jackal but do no damage. You grab the jackal.
You constrict the jackal. The jackal closely misses you. x2
You hit the jackal but do no damage.
The jackal is moderately wounded.
You constrict the jackal. The jackal bites you.
The orc wizard mumbles some strange words.
The orc wizard flickers and vanishes!
Deactivating autopickup; reactivate with Ctrl-A.
You hear a shout! x2
You hit the jackal.
The jackal is almost dead.
You constrict the jackal, but do no damage.
The jackal bites you. You block the jackal's attack.
An orc priest comes into view. It is wielding a +0 club.
You hit the jackal but do no damage. You squeeze the jackal.
You kill the jackal!
An orc comes into view. It is wielding a +0 hand axe.
You closely miss something. Something hits you.
You miss something. Your squeeze misses something. Something hits you.
You miss something. You squeeze something.
You hear some strange, mumbled words.
Something tries to affect you, but you resist.
You hit something. Your squeeze misses something.
The orc priest casts a cantrip, but nothing happens.
Something hits you.
An orc comes into view. It is wielding a +0 short sword.
You feel very mighty all of a sudden.
The orc priest mumbles some strange prayers to Beogh against you.
Beogh smites you!
* * * LOW HITPOINT WARNING * * *
Something hits you.
* * * LOW HITPOINT WARNING * * *
You puncture something! Your squeeze misses something. Something hits you.
* * * LOW HITPOINT WARNING * * *
As you read the scroll labelled XIOMOGISCHE, it crumbles to dust.
It is a scroll of identify.
k - 3 potions of resistance The orc priest mumbles some strange prayers to Beogh against you.
Beogh smites you!
You die...

... ... #.# .#.###
... ..... ##.###.#.#
........# # #.##....#
#..###.##....#
#.oo{@.....#
?....o##.##..# #
....#.##.##..#####.##
# ...
#................ . .
####...........## #
#.............
...#.#..######## .
....+............ .
... #.#..######## .


You could see an orc priest and 2 orcs.

Vanquished Creatures
  Terence (D:2)
  4 adders
  A worm (D:2)
  A dart slug (D:1)
  7 ball pythons
  4 endoplasms
  A giant cockroach (D:1)
  3 goblins (D:1)
  2 hobgoblins
  6 jackals
  10 kobolds
  7 bats
  4 frilled lizards
  5 rats (D:1)
56 creatures vanquished.

Vanquished Creatures (others)
  3 plants (D:2)
3 creatures vanquished.

Grand Total: 59 creatures vanquished

Notes
Turn   | Place    | Note
-------+----------+-------------------------------------------
     0 | D:1      | BlueFish the Octopode Fighter began the quest for the Orb.
     0 | D:1      | Reached XP level 1. HP: 16/16 MP: 1/1
   110 | D:1      | Reached skill level 1 in Stealth
   110 | D:1      | Reached XP level 2. HP: 19/21 MP: 2/2
   169 | D:1      | Found a faded altar of an unknown god.
   377 | D:1      | Reached XP level 3. HP: 26/26 MP: 3/3
   731 | D:2      | Noticed Terence
   740 | D:2      | Killed Terence
   741 | D:2      | Reached XP level 4. HP: 8/31 MP: 4/4
  1787 | D:3      | Reached XP level 5. HP: 36/36 MP: 5/5
  1833 | D:3      | HP: 1/36 [something (1)]
  1834 | D:3      | Killed from afar by an orc priest

Illustrated notes

Levels and vault maps discovered:
D:1:      wander_arrival_estate, layout_basic, ebering_ecumenical_altar_ruins,
          minmay_box_of_dots
D:2:      layout_loops_cross, serial_bayou_lake_a, uniq_terence,
          uniq_crazy_yiuf_cottage
D:3:      layout_basic

Skill      XL: |  1  2  3  4 |
---------------+-------------+-----
Stealth        | 1 2 3 |  3.5
Fighting       | |  3.5
Short Blades   | |  2.7
Throwing       | |  0.3
Dodging        | |  3.4
Shields        | |  3.4

Action                     |  1- 3 |  4- 6 || total
---------------------------+-------+-------++-------
  Melee: Rapier            |    58 |    58 ||   116
         Constrict         |    11 |    13 ||    24
         Tentacles         |    12 |    10 ||    22
    Use: Scroll            |       |     1 ||     1
         Potion            |       |     1 ||     1
   Stab: Sleeping          |     8 |     4 ||    12
 Armour: Skin              |     2 |     7 ||     9
  Dodge: Dodged            |    40 |    28 ||    68
  Block: Buckler           |     6 |    11 ||    17

Table legend: (Time is in decaauts)
 A = Elapsed time spent in this place.
 B = Non-inter-level travel time spent in this place.
 C = Inter-level travel time spent in this place.
 D = Time resting spent in this place.
 E = Time spent auto-exploring this place.
 F = Levels seen in this place.
 G = Mean time per level.
                   A        B        C        D        E       F      G
               +--------+--------+--------+--------+--------+-----+--------+
         Total |   1847 |   1730 |    117 |      4 |   1370 |   3 |  615.7 |
       Dungeon |   1847 |   1730 |    117 |      4 |   1370 |   3 |  615.7 |
               +--------+--------+--------+--------+--------+-----+--------+

Top non-repeatable levels by time:
     D:2: 912 daAuts
     D:1: 666 daAuts
     D:3: 268 daAuts
